 Dungeon Crawl Stone Soup version 0.20.0-10-g0535bb4 (webtiles) character file.

1271 Alarkh the Cleaver (level 8, -2/58 HPs)
             Began as a Demonspawn Monk on June 3, 2017.
             Succumbed to a gnoll sergeant's poison
             ... on level 4 of the Dungeon.
             The game lasted 00:10:15 (8387 turns).

Alarkh the Cleaver (Demonspawn Monk)                Turns: 8387, Time: 00:10:16

Health: -2/58      AC:  9    Str: 13    XL:     8   Next: 28%
Magic:  8/8        EV: 13    Int: 16    God:
Gold:   254        SH:  0    Dex: 15    Spells: 7/7 levels left

rFire    . . .     SeeInvis .   y - +1 hand axe (drain)
rCold    . . .     Gourm    .   (no shield)
rNeg     + . .     Faith    +   b - +0 robe
rPois    .         Spirit   .   p - +1 helmet {Int+3}
rElec    .         Reflect  .   (no cloak)
rCorr    .         Harm     .   (no gloves)
MR       .....                  v - +0 pair of boots
Stlth    ++........             k - amulet of faith
Regen    0.2/turn               r - ring of positive energy
MPRegen  0.2/turn               q - +1 ring of protection

@: lethally poisoned (-2 -> -53)
A: talons 1, slimy green scales 2, powered by pain 1
a: no special abilities


You were on level 4 of the Dungeon.
You were very hungry.

You visited 1 branch of the dungeon, and saw 5 of its levels.

You collected 254 gold pieces.

Inventory:

Hand Weapons
 a - a +0 hand axe
 y - a +1 hand axe of draining (weapon)
Armour
 b - a +0 robe (worn)
 p - a +1 helmet of intelligence (worn)
 v - a +0 pair of boots (worn)
Jewellery
 k - an amulet of faith (around neck)
 q - a +1 ring of protection (right hand)
 r - a ring of positive energy (left hand)
 w - an uncursed ring of ice
Wands
 o - a wand of iceblast (0/15)
Scrolls
 e - a scroll of identify
 f - 2 scrolls of teleportation
 g - a scroll of amnesia
 i - a scroll of fog
 l - a scroll of remove curse
 n - a scroll of enchant armour {unknown}
 s - 2 scrolls of magic mapping
 t - a scroll of blinking {unknown}
 u - a scroll of enchant weapon {unknown}
Potions
 h - 2 potions of flight
 m - a potion of brilliance
Comestibles
 c - 4 bread rations
 x - a royal jelly


   Skills:
 - Level 3.0 Fighting
 + Level 9.6 Axes
 - Level 2.6 Dodging
 - Level 1.7 Stealth


You had 7 spell levels left.
You didn't know any spells.

Dungeon Overview and Level Annotations

Branches:
Dungeon (5/15)
 Temple: D:4-7

Altars:
Cheibriados
Ru
Xom


Innate Abilities, Weirdness & Mutations

You have sharp toenails.
You are mostly covered in slimy green scales. (AC +3)
You sometimes gain a little power by taking damage.


Message History

You hit the gnoll sergeant but do no damage.
The gnoll sergeant is lightly wounded.
You feel sick.
The gnoll sergeant hits you with a trident of venom!
* * * LOW HITPOINT WARNING * * *
You are more poisoned.
You slash the gnoll sergeant! You drain the gnoll sergeant!
The gnoll sergeant is heavily wounded.
* * * LOW HITPOINT WARNING * * *
You feel very sick.
You hit the gnoll sergeant but do no damage.
The gnoll sergeant is heavily wounded.
* * * LOW HITPOINT WARNING * * *
You feel very sick.
The gnoll sergeant hits you with a trident of venom.
* * * LOW HITPOINT WARNING * * *
You are more poisoned.
You hit the gnoll sergeant.
The gnoll sergeant is severely wounded.
You die...

#....# #....#####
##....'...###
#.....###.#..
#####.....# #.#.#
##.........###.#.#
#.................
#)....<..#####.#.#
#@....)[..........
#g##.....#####.#..
###.....#### #.###
#..........#####.###
#.###.####..........
#.#<#.# ###........
#.#.#.# #.###....
#.#...# #.# #....
##.##########.#
#....


You could see a gnoll sergeant.

Vanquished Creatures
  The ghost of MDvedh the Insei, an amateur DsBe of Trog (D:4)
  An ice beast (D:5)
  A sky beast (D:4)
  2 ogres (D:4)
  Blork the orc (D:5)
  A bullfrog (D:3)
  A scorpion (D:5)
  3 orc wizards
  Terence (D:2)
  Jessica (D:3)
  4 worker ants
  Robin (D:2)
  11 adders
  6 gnolls
  An ooze (D:3)
  3 worms
  2 dart slugs
  A leopard gecko (D:1)
  12 orcs
  10 bats
  6 giant cockroaches
  16 goblins
  9 hobgoblins
  12 jackals
  7 kobolds
  3 quokkas
  A ball python (D:2)
  2 frilled lizards (D:2)
  A quokka skeleton (D:4)
  11 rats
132 creatures vanquished.

Notes
Turn   | Place    | Note
-------+----------+-------------------------------------------
     0 | D:1      | Alarkh the Demonspawn Monk began the quest for the Orb.
     0 | D:1      | Reached XP level 1. HP: 18/18 MP: 1/1
   159 | D:1      | Reached skill level 3 in Axes
   375 | D:1      | Gained mutation: You have sharp toenails. [demonic ancestry]
   375 | D:1      | Reached XP level 2. HP: 21/24 MP: 2/2
   915 | D:1      | Reached XP level 3. HP: 29/29 MP: 3/3
  1441 | D:1      | Reached skill level 4 in Axes
  1502 | D:2      | Noticed Robin
  2371 | D:1      | Gained mutation: You sometimes gain a little power by taking damage. [demonic ancestry]
  2371 | D:1      | Reached XP level 4. HP: 27/35 MP: 4/4
  3022 | D:2      | Found a sacrificial altar of Ru.
  3132 | D:2      | Noticed Terence
  3281 | D:3      | Noticed Jessica
  3431 | D:3      | Killed Jessica
  3431 | D:3      | Reached skill level 5 in Axes
  3697 | D:2      | Found a shimmering altar of Xom.
  3781 | D:2      | Reached XP level 5. HP: 32/41 MP: 5/5
  4193 | D:2      | Killed Robin
  4568 | D:2      | Killed Terence
  5168 | D:2      | Reached skill level 6 in Axes
  5337 | D:3      | Gained mutation: You are partially covered in slimy green scales. (AC +2) [demonic ancestry]
  5337 | D:3      | Reached XP level 6. HP: 30/47 MP: 6/6
  5990 | D:4      | Reached skill level 7 in Axes
  6133 | D:4      | Noticed MDvedh's ghost (amateur DsBe)
  6364 | D:4      | Gained mutation: You are mostly covered in slimy green scales. (AC +3) [demonic ancestry]
  6364 | D:4      | Reached XP level 7. HP: 35/52 MP: 7/7
  6650 | D:4      | Found a snail-covered altar of Cheibriados.
  7092 | D:3      | Reached skill level 8 in Axes
  7177 | D:4      | Killed MDvedh's ghost
  7639 | D:5      | Entered Level 5 of the Dungeon
  7652 | D:5      | Noticed Blork the orc
  7661 | D:5      | Reached XP level 8. HP: 58/58 MP: 8/8
  7683 | D:5      | Killed Blork the orc
  7683 | D:5      | Reached skill level 9 in Axes
  8386 | D:4      | HP: 1/58 [gnoll sergeant/trident of venom (5)]
  8387 | D:4      | Succumbed to a gnoll sergeant's poison

Skill      XL: |  1  2  3  4  5  6  7  8 |
---------------+-------------------------+-----
Axes           | 3 4 5 6 7 8 9 |  9.6
Fighting       | |  3.0
Dodging        | |  2.6
Stealth        | |  1.7

Action                   |  1- 3 |  4- 6 |  7- 9 || total
-------------------------+-------+-------+-------++-------
Melee: Hand axe          |   142 |   283 |   254 ||   679
       Kick              |    27 |    87 |     1 ||   115
Evoke: Wand              |       |       |     3 ||     3
  Use: Scroll            |     2 |     6 |     2 ||    10
       Potion            |     2 |     3 |     5 ||    10
 Stab: Sleeping          |     6 |     4 |       ||    10
  Eat: Chunk             |     5 |    12 |     6 ||    23
Armor: Robe              |    25 |    52 |    85 ||   162
Dodge: Dodged            |   106 |   194 |   128 ||   428
